 Dungeon Crawl Stone Soup version 0.29-a0-414-g5075937ec3 (webtiles) character file.

Game seed: 4697892145884927459

451 croobank the Covert (level 7, -6/59 HPs)
             Began as a Gnoll Delver on May 15, 2022.
             Mangled by a black bear (11 damage)
             ... on level 5 of the Dungeon.
             The game lasted 00:17:57 (4720 turns).

croobank the Covert (Gnoll Delver)                  Turns: 4720, Time: 00:17:59

Health: -6/59      AC:  4    Str: 12    XL:     7   Next: 4%
Magic:  10/10      EV: 13    Int: 11    God:
Gold:   299        SH:  0    Dex: 13    Spells: 8/10 levels left

rFire   . . .      SeeInvis .   a - +0 hand axe (vorpal)
rCold   . . .      Faith    .   (no shield)
rNeg    . . .      Spirit   .   b - +0 leather armour
rPois   .          Reflect  .   (no helmet)
rElec   .          Harm     .   i - +0 cloak
rCorr   .          Rampage  .   (no gloves)
Will    .....                   (no boots)
Stlth   ++++......              (no amulet)
HPRegen 0.19/turn               (no ring)
MPRegen 0.12/turn               (no ring)

@: no status effects
A: fangs 1, strong nose, distributed training
a: no special abilities


You were on level 5 of the Dungeon.
You visited 1 branch of the dungeon, and saw 5 of its levels.

You collected 299 gold pieces.

Inventory:

Hand Weapons
 a - a +0 vorpal hand axe (weapon)
 j - a +0 trident
 k - a +0 mace
Missiles
 h - 107 stones (quivered)
 n - 6 poisoned darts
 o - 9 boomerangs
Armour
 b - a +0 leather armour (worn)
 i - a +0 cloak (worn)
 p - a +0 chain mail
 q - a +0 ring mail
Jewellery
 r - a +4 ring of protection
Wands
 g - a wand of digging (3)
 u - a wand of iceblast (7)
Scrolls
 c - 2 scrolls of fog
 e - 2 scrolls of fear
Potions
 d - 3 potions of degeneration
 l - 2 potions of flight
 t - a potion of magic {unknown}
 w - a potion of attraction {unknown}
 x - a potion of cancellation {unknown}


   Skills:
 + Level 6.9 Fighting
 + Level 2.2 Short Blades
 + Level 2.2 Long Blades
 + Level 5.1 Axes
 + Level 2.2 Maces & Flails
 + Level 2.2 Polearms
 + Level 2.2 Staves
 + Level 2.2 Slings
 + Level 2.2 Bows
 + Level 2.2 Crossbows
 + Level 2.2 Throwing
 + Level 2.2 Armour
 + Level 5.1 Dodging
 + Level 9.8 Stealth
 + Level 2.2 Shields
 + Level 2.2 Unarmed Combat
 + Level 2.2 Spellcasting
 + Level 1.8 Conjurations
 + Level 1.8 Hexes
 + Level 1.8 Summonings
 + Level 1.8 Necromancy
 + Level 1.8 Translocations
 + Level 1.8 Transmutations
 + Level 1.8 Fire Magic
 + Level 1.8 Ice Magic
 + Level 1.8 Air Magic
 + Level 1.8 Earth Magic
 + Level 1.8 Poison Magic
 + Level 2.4 Invocations
 + Level 2.2 Evocations


You had 8 spell levels left.
You knew the following spells:

 Your Spells              Type           Power      Damage    Failure   Level
a - Corpse Rot            Necr/Air       10%        N/A       26%         2

Your spell library contained the following spells:

 Spells                   Type           Power      Damage    Failure   Level
 Dispel Undead            Necr           5%         3d7       86%         4
 Death Channel            Necr           2%         N/A       100%        6


Dungeon Overview and Level Annotations

Branches:
Dungeon (5/15)
 Temple: D:4-7

Altars:
Beogh

Annotations:
D:4 3 runed translucent doors, RepHenryClay's ghost, amateur DsBe


Innate Abilities, Weirdness & Mutations

You have very sharp teeth.
Your uncanny sense of smell can sniff out nearby items.
Your experience applies equally to all skills.


Message History

The black bear barely misses you.
You can't see any enemies this would affect, really read the scroll of fear? [Y]es or [N]o only, please.
You can't see any enemies this would affect, really read the scroll of fear?
Okay, then.
You can't see any enemies this would affect, really read the scroll of fear?
Okay, then.
Unknown command.
Okay, then.
Blink to where?
Press: ? - help, Dir - move target
As you read the scroll of blinking, it crumbles to dust.
You hear an angry growl.
You can't see any enemies this would affect, really read the scroll of fear?
Okay, then.
The black bear rages.
You hear a shout!
The black bear rages.
Aiming: Iceblast
Press: ? - help, Shift-Dir - straight line, f - black bear
Aim: a black bear (severely wounded, berserk)
Okay, then.
Okay, then.
Casting: Corpse Rot (dangerous; 26% risk of failure)
Confirm with . or Enter, or press ? or * to list all spells.
There is nothing fresh enough to decay nearby.
Okay, then.
Okay, then.
It was a potion of curing.
You feel better. The black bear barely misses you.
The black bear claws you but does no damage.
The black bear claws you.
* * * LOW HITPOINT WARNING * * *
You closely miss the black bear.
The black bear is severely wounded.
The black bear barely misses you. The black bear claws you.
* * * LOW HITPOINT WARNING * * *
The black bear claws you.
* * * LOW HITPOINT WARNING * * *
The black bear bites you!
You die...

. ..# ∆ ∆ ..... ∆ #.# #.#.#
#.# #.#.# #.#
#.#.############# ##.#
###...##..h@.<....# .......W
.#.# #.....##.########.#
#......# .#.# #.....#...#####
#.# #......
...###...h.......>.# #.#
#..[..
...........#...###.###.###....
.#####.....##.## #......# ...
.# ###..###.# #####..# #.# #
.# #..# #.########..# #.# .#
## #..# #...........# #.# .#


You could see a black bear (berserk).

Vanquished Creatures
  A phantom (D:3)
  A scorpion (D:4)
  A jelly (D:4)
  2 orc priests (D:4)
  2 orc wizards
  A mummy (D:4)
  4 adders
  A shadow imp (D:3)
  An ufetubus (D:4)
  3 dart slugs
  12 orcs
  10 endoplasms
  4 giant cockroaches
  9 goblins
  8 hobgoblins
  4 quokkas
  8 ball pythons
  14 bats
  4 frilled lizards
  A goblin zombie (D:4)
  5 kobolds
  A kobold zombie (D:4)
  15 rats
112 creatures vanquished.

Notes
Turn   | Place    | Note
-------+----------+-------------------------------------------
     0 | D:5      | Reached skill level 9 in Stealth
     0 | D:5      | croobank the Gnoll Delver began the quest for the Orb.
     0 | D:5      | Reached XP level 1. HP: 23/23 MP: 1/1
    84 | D:5      | Noticed a shadow
   114 | D:4      | Noticed an orc priest
   134 | D:4      | Noticed a phantom
   144 | D:3      | Noticed an orc wizard
   154 | D:4      | HP: 1/23 [something (2)]
   519 | D:3      | Reached XP level 2. HP: 19/29 MP: 2/2
   849 | D:1      | Reached XP level 3. HP: 35/35 MP: 3/3
  1080 | D:1      | Reached skill level 1 in Invocations
  1409 | D:1      | Reached skill level 1 in Short Blades
  1409 | D:1      | Reached skill level 1 in Long Blades
  1409 | D:1      | Reached skill level 1 in Maces & Flails
  1409 | D:1      | Reached skill level 1 in Polearms
  1409 | D:1      | Reached skill level 1 in Staves
  1409 | D:1      | Reached skill level 1 in Slings
  1409 | D:1      | Reached skill level 1 in Bows
  1409 | D:1      | Reached skill level 1 in Crossbows
  1409 | D:1      | Reached skill level 1 in Throwing
  1409 | D:1      | Reached skill level 1 in Armour
  1409 | D:1      | Reached skill level 1 in Shields
  1409 | D:1      | Reached skill level 1 in Unarmed Combat
  1409 | D:1      | Reached skill level 1 in Spellcasting
  1409 | D:1      | Reached skill level 1 in Evocations
  1704 | D:2      | Reached XP level 4. HP: 41/41 MP: 5/5
  2034 | D:2      | Found a faded altar of an unknown god.
  2396 | D:2      | Learned a level 2 spell: Corpse Rot
  2443 | D:3      | Reached skill level 1 in Conjurations
  2443 | D:3      | Reached skill level 1 in Hexes
  2443 | D:3      | Reached skill level 1 in Summonings
  2443 | D:3      | Reached skill level 1 in Necromancy
  2443 | D:3      | Reached skill level 1 in Translocations
  2443 | D:3      | Reached skill level 1 in Transmutations
  2443 | D:3      | Reached skill level 1 in Fire Magic
  2443 | D:3      | Reached skill level 1 in Ice Magic
  2443 | D:3      | Reached skill level 1 in Air Magic
  2443 | D:3      | Reached skill level 1 in Earth Magic
  2443 | D:3      | Reached skill level 1 in Poison Magic
  2944 | D:3      | Killed a phantom
  2945 | D:3      | Reached XP level 5. HP: 22/47 MP: 5/7
  3361 | D:4      | Reached XP level 6. HP: 50/53 MP: 8/8
  3501 | D:4      | Reached skill level 5 in Axes
  3501 | D:4      | Reached skill level 5 in Dodging
  4041 | D:4      | Reached XP level 7. HP: 34/59 MP: 10/10
  4508 | D:4      | Identified the +4 hand axe of Forced Transition {drain,
                  | rElec Str-3 Int+4 Dex+2}
  4509 | D:4      | Found a runed translucent gate.
  4511 | D:4      | Found a runed translucent gate.
  4513 | D:4      | Found a runed translucent gate.
  4515 | D:4      | Noticed RepHenryClay's ghost (amateur DsBe)
  4720 | D:5      | Mangled by a black bear

Illustrated notes

Levels and vault maps discovered:
D:1:      dpeg_arrival_ratfight, layout_rooms, minmay_tiny_reverse_x
D:2:      layout_loops_ring, hellmonk_ecumenical_altar_heavens_door
D:3:      layout_rooms
D:4:      layout_cave_pods, biasface_ghost_orc_armoury,
          nicolae_ossuary_entry_giza
D:5:      layout_loops_ring, st_stairs_8

Skill      XL: |  1  2  3  4  5  6 |
---------------+-------------------+-----
Stealth        | |  9.8
Invocations    | 1 2 |  2.4
Short Blades   | 1 2 |  2.2
Long Blades    | 1 2 |  2.2
Maces & Flails | 1 2 |  2.2
Polearms       | 1 2 |  2.2
Staves         | 1 2 |  2.2
Slings         | 1 2 |  2.2
Bows           | 1 2 |  2.2
Crossbows      | 1 2 |  2.2
Throwing       | 1 2 |  2.2
Armour         | 1 2 |  2.2
Shields        | 1 2 |  2.2
Unarmed Combat | 1 2 |  2.2
Spellcasting   | 1 2 |  2.2
Evocations     | 1 2 |  2.2
Conjurations   | 1 |  1.8
Hexes          | 1 |  1.8
Summonings     | 1 |  1.8
Necromancy     | 1 |  1.8
Translocations | 1 |  1.8
Transmutations | 1 |  1.8
Fire Magic     | 1 |  1.8
Ice Magic      | 1 |  1.8
Air Magic      | 1 |  1.8
Earth Magic    | 1 |  1.8
Poison Magic   | 1 |  1.8
Axes           | 5 |  5.1
Dodging        | 5 |  5.1
Fighting       | |  6.9

Action                   |  1- 3 |  4- 6 |  7- 9 || total
-------------------------+-------+-------+-------++-------
Melee: Hand axe          |   117 |   170 |    11 ||   298
       Bite              |    15 |    18 |     2 ||    35
       Punch             |     1 |     5 |       ||     6
Throw: Stone             |     4 |       |       ||     4
Evoke: Wand              |       |     2 |       ||     2
  Use: Scroll            |     1 |    10 |     1 ||    12
       Potion            |     1 |     4 |     1 ||     6
 Stab: Sleeping          |    14 |    12 |     4 ||    30
Armor: Leather armour    |    33 |    41 |     3 ||    77
Dodge: Dodged            |    69 |   104 |    13 ||   186

Table legend: (Time is in decaauts)
 A = Elapsed time spent in this place.
 B = Non-inter-level travel time spent in this place.
 C = Inter-level travel time spent in this place.
 D = Time resting spent in this place.
 E = Time spent auto-exploring this place.
 F = Levels seen in this place.
 G = Mean time per level.
                   A        B        C        D        E       F      G
               +--------+--------+--------+--------+--------+-----+--------+
         Total |   4751 |   4623 |    128 |   1181 |   2235 |   5 |  950.2 |
       Dungeon |   4751 |   4623 |    128 |   1181 |   2235 |   5 |  950.2 |
               +--------+--------+--------+--------+--------+-----+--------+

Top non-repeatable levels by time:
     D:3: 1669 daAuts
     D:4: 1278 daAuts
     D:2: 832 daAuts
     D:1: 804 daAuts
     D:5: 166 daAuts
